 Dungeon Crawl Stone Soup version 0.23.2-1-ga50397a (webtiles) character file.

Game seed: 13294241137839104551

44752 doot the Arsonist (level 14, -14/110 HPs)
             Began as a Hill Orc Fire Elementalist on May 25, 2019.
             Was a High Priest of Vehumet.
             Demolished by a catoblepas (17 damage)
             ... on level 5 of the Lair of Beasts.
             The game lasted 01:25:37 (25248 turns).

doot the Arsonist (Hill Orc Fire Elementalist)     Turns: 25248, Time: 01:25:38

Health: -14/110    AC:  8    Str: 14    XL:     14   Next: 30%
Magic:  14/28      EV: 14    Int: 19    God:    Vehumet [*****.]
Gold:   1749       SH:  0    Dex: 11    Spells: 4/33 levels left

rFire    + + .     SeeInvis .   a - staff of wizardry
rCold    x . .     Gourm    .   (no shield)
rNeg     . . .     Faith    +   K - +2 leather armour "Gigh" {rPois rC+ Str+2}
rPois    +         Spirit   .   N - +0 hat
rElec    .         Reflect  .   w - +0 cloak
rCorr    .         Harm     .   M - +0 pair of gloves
MR       +....                  (no boots)
Stlth    ++........             H - amulet of faith
HPRegen  0.28/turn              i - ring of fire
MPRegen  0.21/turn              g - ring of fire

@: no status effects
A: no striking features
a: Renounce Religion


You were on level 5 of the Lair of Beasts.
You worshipped Vehumet.
Vehumet was extremely pleased with you.
You were hungry.

You visited 4 branches of the dungeon, and saw 20 of its levels.
You also visited: Bailey.

You collected 1749 gold pieces.

Inventory:

Hand Weapons
 b - a +0 broad axe
 k - a +0 hand axe
 q - a +1 spear of venom
Missiles
 S - a throwing net (quivered)
Armour
 n - a +3 leather armour of fire resistance
 w - a +0 cloak (worn)
 B - the +2 ring mail of Recklessness {Stlth+}
   (You acquired it on level 2 of the Lair of Beasts)

   It makes you more stealthy.
 C - a +0 robe
 D - a +0 helmet
 K - the +2 leather armour "Gigh" (worn) {rPois rC+ Str+2}
   (You found it on level 8 of the Dungeon)

   It affects your strength (+2).
   It protects you from cold.
   It protects you from poison.
 M - a +0 pair of gloves (worn)
 N - a +0 hat (worn)
 O - a +2 robe of the Archmagi
Magical Staves
 a - an uncursed staff of wizardry (weapon)
 F - an uncursed staff of poison
 G - an uncursed staff of summoning
 L - an uncursed staff of air
Jewellery
 f - an uncursed amulet of regeneration
 g - a ring of fire (right hand)
 i - a ring of fire (left hand)
 H - an amulet of faith (around neck)
 T - an uncursed ring of ice
Wands
 p - a wand of random effects (74)
 u - a wand of iceblast (9)
 A - a wand of flame (20)
 I - a wand of acid (10)
 R - a wand of enslavement (8)
 U - a wand of polymorph (5)
 X - a wand of paralysis (9)
Scrolls
 e - 6 scrolls of enchant armour
 j - 3 scrolls of remove curse
 l - 3 scrolls of fog
 m - 3 scrolls of fear
 r - a scroll of immolation
 s - 2 scrolls of noise
 t - a scroll of enchant weapon
 x - 2 scrolls of amnesia
 J - a scroll of summoning
 P - 2 scrolls of vulnerability
 Q - 4 scrolls of magic mapping
Potions
 d - 3 potions of flight
 h - 8 potions of degeneration
 o - 3 potions of curing
 v - 2 potions of brilliance
 z - a potion of ambrosia
 E - 2 potions of cancellation
 Y - a potion of invisibility {unknown}
Comestibles
 c - 31 rations
 W - 8 chunks of flesh


   Skills:
 + Level 6.2 Fighting
 + Level 5.9 Axes
 + Level 1.1 Staves
 + Level 4.9 Armour
 + Level 5.3 Dodging
 + Level 3.9 Stealth
 + Level 10.4 Spellcasting
 + Level 11.9 Conjurations
 + Level 3.0 Hexes
 + Level 2.0 Translocations
 + Level 13.3 Fire Magic
 + Level 0.3 Poison Magic
 + Level 0.1 Evocations


You had 4 spell levels left.
You knew the following spells:

 Your Spells              Type           Power        Failure   Level  Hunger
a - Flame Tongue          Conj/Fire      #####        1%          1    None
b - Sticky Flame          Conj/Fire      #######.     1%          4    ##.....
c - Conjure Flame         Conj/Fire      #######.     1%          3    None
d - Inner Flame           Hex/Fire       #######.     1%          3    None
e - Throw Flame           Conj/Fire      ######       1%          2    None
f - Blink                 Tloc           N/A          2%          2    None
g - Fireball              Conj/Fire      #######...   1%          5    #####..
h - Olgreb's Toxic Radia  Pois           ##......     9%          4    ##.....
i - Alistair's Intoxicat  Tmut/Pois      ##......     63%         5    #####..

Your spell library contained the following spells:

 Spells                   Type           Power        Failure   Level  Hunger
 Apportation              Tloc           ###...       1%          1    None
 Confusing Touch          Hex            ###...       1%          1    None
 Animate Skeleton         Necr           N/A          3%          1    None
 Summon Butterflies       Summ           #.......     3%          1    None
 Summon Small Mammal      Summ           #...         3%          1    None
 Shroud of Golubria       Chrm/Tloc      ##........   3%          2    None
 Confuse                  Hex            ###.....     3%          3    None
 Tukima's Dance           Hex            ###.....     3%          3    None
 Gell's Gravitas          Tloc           ###.......   4%          3    None
 Lesser Beckoning         Tloc           ###.......   4%          3    None
 Teleport Other           Tloc           ###.....     4%          3    None
 Passage of Golubria      Tloc           N/A          16%         4    ##.....
 Petrify                  Tmut/Erth      #.......     32%         4    ##.....
 Yara's Violent Unravell  Hex/Tmut       ###.......   14%         5    #####..
 Metabolic Englaciation   Hex/Ice        ###.......   45%         5    #####..
 Invisibility             Hex            ###.....     80%         6    ######.


Dungeon Overview and Level Annotations

Branches:
Dungeon (11/15)            Temple (1/1) D:5            Lair (6/6) D:10
 Spider (0/4) Lair:2        Slime (0/5) Lair:6          Orc (2/2) D:9
    Elf (0/3) Orc:2
  Swamp: Lair:2-4    Shoals: Lair:2-4

Altars:
Ashenzari
Cheibriados
Dithmenos
Elyvilon
Fedhas
Gozag
Hepliaklqana
Kikubaaqudgha
Makhleb
Nemelex Xobeh
Okawaru
Qazlal
Ru
Sif Muna
Trog
Uskayaw
Vehumet
Wu Jian
Xom
Yredelemnul
Zin
The Shining One
Beogh
Jiyva

Shops:
Orc:2 ??*:

Annotations:
Lair:6 1 runed translucent door
Orc:2 Azrael


Message History

The wyvern is covered in liquid flames!
The wyvern hisses angrily.
The wyvern burns!
The catoblepas burns!
The wyvern bites you! The catoblepas gores you!!
* * * LOW HITPOINT WARNING * * *
A hippogriff comes into view.
The wyvern hisses menacingly.
The wyvern misses you.
The wyvern burns!
The catoblepas burns!
The wyvern bites you!
* * * LOW HITPOINT WARNING * * *
Unknown command.
As you read the scroll of fear, it crumbles to dust.
You assume a fearsome visage.
The wyvern looks frightened! x2
The hippogriff looks frightened!
The catoblepas resists with almost no effort.
The wyvern burns!
You kill the wyvern!
Vehumet accepts your kill.
You feel your power returning.
The catoblepas burns!
The catoblepas gores you!
You die...

#.....................P##†......,
........##.#.......##..#........*
.......[.#.#....?.P.#.........##,
.........##.....#...H#.........##
,#.P.....##..##,#P..#.......###..
**#P....##...####...l............
###.......P...##P............#...
#............####.###l...........
#...#.##.....###@##.P.........P#.
.....###P...P...Y†.P..........###
#...## #PP#...#...P...#..#....#**
.>.## #.P..#....#.....####>..#,,
#...#* #P..##..§.#....## ##P.##.
.l...###..#####.§.##.## ###...
.....##..## #..####.# *#...
.......÷#.# #### *## *....
.......####* ***####.


You could see a catoblepas (burning), a hippogriff (fleeing) and a wyvern
(fleeing).

Vanquished Creatures
  Gastronok (D:9)
  A stone giant (Orc:1)
  Erolcha (D:9)
  2 hydras
  Erica (D:9)
  A two-headed ogre (D:11)
  A catoblepas (Lair:3)
  3 death yaks (Lair:3)
  An orc high priest (Orc:1)
  Sonja (Lair:3)
  An unseen horror (D:10)
  9 orc knights
  An orb spider (Lair:2)
  4 black mambas
  Maurice (Orc:2)
  8 spiny frogs
  3 komodo dragons
  2 rime drakes
  The ghost of shugdite the Cudgeler, an amateur MiMo of Okawaru (D:4)
  3 blink frogs (Lair:6)
  4 trolls
  14 hippogriffs
  39 yaks
  2 basilisks
  7 wyverns
  Eustachio (D:4)
  4 wargs (Orc:2)
  8 water moccasins
  Duvessa (D:4)
  A hell hound (Orc:2)
  3 sky beasts
  6 porcupines
  37 orc warriors
  8 ice beasts
  A phantom (D:11)
  2 black bears
  A necrophage (D:8)
  12 ogres
  3 centaurs
  3 wolves (Lair:1)
  A big kobold (D:5)
  10 crocodiles
  Blork the orc (D:4)
  14 bullfrogs
  2 wyvern skeletons (D:10)
  3 scorpions
  Dowan (D:4)
  3 killer bees (D:8)
  10 wights
  7 crimson imps
  8 howler monkeys
  A hound (D:6)
  3 centaur skeletons
  21 orc priests
  3 bullfrog skeletons
  7 iguanas
  19 orc wizards
  8 worker ants
  A centaur simulacrum (D:4)
  A hound skeleton (D:7)
  A hound zombie (D:11)
  A howler monkey zombie (D:10)
  A worker ant zombie (D:5)
  5 gnolls
  9 adders
  3 shadow imps
  A white imp (D:4)
  A howler monkey simulacrum (D:4)
  An ooze (D:2)
  2 adder skeletons
  An adder zombie (D:6)
  4 worms
  2 dart slugs
  3 adder simulacra (D:4)
  7 leopard geckos
  91 orcs
  4 bats
  8 giant cockroaches
  12 goblins
  8 hobgoblins
  7 jackals
  4 quokkas
  3 ball pythons
  6 frilled lizards
  A jackal simulacrum (D:4)
  A jackal zombie (D:5)
  27 kobolds
  10 rats
  3 plants
554 creatures vanquished.

Vanquished Creatures (others)
  21 fungi
  27 plants
48 creatures vanquished.

Grand Total: 602 creatures vanquished

Notes
Turn   | Place    | Note
-------+----------+-------------------------------------------
     0 | D:1      | doot the Hill Orc Fire Elementalist began the quest for the
                  | Orb.
     0 | D:1      | Reached XP level 1. HP: 14/14 MP: 3/3
   392 | D:1      | Reached XP level 2. HP: 18/20 MP: 1/4
   843 | D:2      | Reached skill level 4 in Fire Magic
   843 | D:2      | Reached XP level 3. HP: 23/26 MP: 0/5
  1032 | D:2      | Found a hazy altar of Hepliaklqana.
  1503 | D:2      | Found a glowing golden altar of the Shining One.
  1931 | D:3      | Reached XP level 4. HP: 34/34 MP: 4/7
  1965 | D:3      | Learned a level 4 spell: Sticky Flame
  2465 | D:3      | Found a burning altar of Makhleb.
  2465 | D:3      | Found a glowing silver altar of Zin.
  2468 | D:3      | Noticed an angel
  2468 | D:3      | Noticed a balrug
  2572 | D:3      | Reached XP level 5. HP: 39/39 MP: 2/8
  2775 | D:3      | Learned a level 3 spell: Conjure Flame
  2780 | D:3      | Reached skill level 1 in Fighting
  2973 | D:4      | Noticed an ogre
  3088 | D:4      | Killed an ogre
  3088 | D:4      | Reached skill level 1 in Axes
  3102 | D:4      | Found a runed translucent gate.
  3102 | D:4      | Found a runed translucent gate.
  3102 | D:4      | Found a runed translucent gate.
  3142 | D:4      | Noticed Duvessa
  3144 | D:4      | Noticed Dowan
  3254 | D:4      | Noticed an ogre
  3336 | D:3      | Killed an ogre
  3336 | D:3      | Reached XP level 6. HP: 47/47 MP: 1/10
  3450 | D:4      | Noticed Blork the orc
  3459 | D:4      | Killed Blork the orc
  3459 | D:4      | Reached skill level 5 in Fire Magic
  3723 | D:4      | Killed Dowan
  3723 | D:4      | Reached XP level 7. HP: 27/52 MP: 1/11
  3857 | D:5      | Entered Level 5 of the Dungeon
  4018 | D:5      | Found a bloodstained altar of Trog.
  4100 | D:5      | Learned a level 3 spell: Inner Flame
  4219 | D:5      | Found a shadowy altar of Dithmenos.
  4383 | D:4      | Killed Duvessa
  4559 | D:4      | Reached XP level 8. HP: 61/61 MP: 4/13
  4949 | D:4      | Found a stormy altar of Qazlal.
  4960 | D:4      | Noticed shugdite's ghost (amateur MiMo)
  5172 | D:4      | Noticed Eustachio
  5268 | D:4      | Killed Eustachio
  5268 | D:4      | Reached skill level 6 in Fire Magic
  5787 | D:5      | Learned a level 2 spell: Throw Flame
  5792 | D:5      | Found a staircase to the Ecumenical Temple.
  5813 | Temple   | Entered the Ecumenical Temple
  6950 | D:5      | Reached skill level 5 in Conjurations
  7422 | D:4      | Reached XP level 9. HP: 69/69 MP: 10/15
  7589 | D:4      | Killed shugdite's ghost
  7713 | D:5      | Learned a level 2 spell: Blink
  7857 | D:6      | Reached skill level 7 in Fire Magic
  8095 | D:6      | Reached skill level 5 in Spellcasting
  8525 | D:6      | Found a shattered altar of Ashenzari.
  8743 | D:7      | Reached skill level 1 in Armour
  8921 | D:7      | Found a radiant altar of Vehumet.
  8941 | D:7      | Became a worshipper of Vehumet
  8980 | D:7      | Reached skill level 8 in Fire Magic
  8980 | D:7      | Reached XP level 10. HP: 55/78 MP: 4/18
  9297 | D:7      | Learned a level 5 spell: Fireball
  9594 | D:8      | Found a flagged portal.
  9663 | Bailey   | Entered a bailey
 10107 | Bailey   | Reached * piety under Vehumet
 10107 | Bailey   | Offered knowledge of Sting by Vehumet.
 10524 | Bailey   | Noticed an orc knight
 10572 | Bailey   | Killed an orc knight
 10844 | Bailey   | Identified a scroll of acquirement
 10872 | D:8      | Found an opulent altar of Gozag.
 10873 | D:8      | Found a sparkling altar of Nemelex Xobeh.
 11251 | D:8      | Got a crude leather armour
 11252 | D:8      | Identified the +2 leather armour "Gigh" {rPois rC+ Str+2}
                  | (You found it on level 8 of the Dungeon)
 11464 | D:8      | Reached skill level 1 in Hexes
 11464 | D:8      | Reached skill level 9 in Fire Magic
 11881 | D:9      | Found a sacrificial altar of Ru.
 12484 | D:9      | Reached ** piety under Vehumet
 12524 | D:9      | Offered knowledge of Freeze by Vehumet.
 12574 | D:9      | Found a white marble altar of Elyvilon.
 12574 | D:9      | Noticed Gastronok
 12591 | D:9      | Killed Gastronok
 12591 | D:9      | Reached XP level 11. HP: 29/85 MP: 0/21
 12741 | D:9      | Found a staircase to the Orcish Mines.
 12758 | D:9      | Noticed Erolcha
 12764 | D:9      | Killed Erolcha
 12764 | D:9      | Reached skill level 10 in Fire Magic
 12808 | D:9      | Found a roughly hewn altar of Beogh.
 13112 | D:9      | Noticed Erica
 13145 | D:9      | Killed Erica
 13752 | D:10     | Entered Level 10 of the Dungeon
 14000 | D:10     | Noticed an unseen horror
 14003 | D:10     | Killed an unseen horror
 14069 | D:10     | Offered knowledge of Stone Arrow by Vehumet.
 14480 | D:10     | Found a staircase to the Lair.
 14567 | D:10     | Reached *** piety under Vehumet
 14903 | D:10     | Reached skill level 5 in Axes
 15421 | D:11     | Reached XP level 12. HP: 93/93 MP: 23/23
 15852 | D:11     | Offered knowledge of Dazzling Spray by Vehumet.
 16283 | D:11     | Noticed a two-headed ogre
 16290 | D:11     | Killed a two-headed ogre
 16290 | D:11     | Reached skill level 11 in Fire Magic
 16713 | Orc:1    | Entered Level 1 of the Orcish Mines
 16734 | Orc:1    | Noticed an orc high priest
 16752 | Orc:1    | Killed an orc high priest
 16933 | Orc:1    | Found a roughly hewn altar of Beogh.
 16977 | Orc:1    | Noticed a stone giant
 17007 | Orc:1    | Killed a stone giant
 17320 | Orc:2    | Entered Level 2 of the Orcish Mines
 17323 | Orc:2    | Reached **** piety under Vehumet
 17324 | Orc:2    | Reached skill level 5 in Fighting
 17491 | Orc:1    | Offered knowledge of Lightning Bolt by Vehumet.
 17804 | Orc:2    | Noticed Maurice
 17854 | Orc:2    | Killed Maurice
 18141 | Orc:2    | Reached skill level 10 in Conjurations
 18364 | Orc:2    | Reached skill level 1 in Staves
 18640 | Orc:2    | Found Viptael's Magic Scroll Boutique.
 18640 | Orc:2    | Found Awuarato's Magic Scroll Emporium.
 18934 | Orc:2    | Found a staircase to the Elven Halls.
 19058 | Orc:2    | Reached skill level 12 in Fire Magic
 19058 | Orc:2    | Reached XP level 13. HP: 100/100 MP: 16/26
 19252 | Orc:2    | Found Fuiplutu's Assorted Antiques.
 19252 | Orc:2    | Found Fumit's Book Emporium.
 19287 | Orc:2    | Reached ***** piety under Vehumet
 19309 | Orc:2    | Offered knowledge of Olgreb's Toxic Radiance by Vehumet.
 19340 | Orc:2    | Learned a level 4 spell: Olgreb's Toxic Radiance
 19486 | Orc:2    | Learned a level 5 spell: Alistair's Intoxication
 19496 | Orc:2    | Found a roughly hewn altar of Beogh.
 19699 | Orc:2    | Noticed Azrael
 19866 | Lair:1   | Entered Level 1 of the Lair of Beasts
 19919 | Lair:1   | Reached skill level 1 in Translocations
 20231 | Lair:1   | Found an iron altar of Okawaru.
 20262 | Lair:1   | Reached skill level 5 in Dodging
 20707 | Lair:2   | Noticed a fire dragon
 20776 | Lair:2   | Got a transparent ring mail
 20787 | Lair:2   | Identified the +2 ring mail of Recklessness {Stlth+} (You
                  | acquired it on level 2 of the Lair of Beasts)
 21504 | Lair:2   | Found a hole to the Spider Nest.
 22220 | Lair:3   | Noticed Sonja
 22225 | Lair:3   | Killed Sonja
 23625 | Lair:4   | You fall through a shaft for 2 floors!
 23625 | Lair:6   | Entered Level 6 of the Lair of Beasts
 23640 | Lair:6   | Found a runed translucent door.
 23640 | Lair:6   | Found a viscous altar of Jiyva.
 23641 | Lair:6   | Found a staircase to the Slime Pits.
 23653 | Lair:6   | Reached skill level 10 in Spellcasting
 23741 | Lair:6   | Reached skill level 13 in Fire Magic
 23742 | Lair:6   | Reached XP level 14. HP: 49/110 MP: 20/28
 25247 | Lair:5   | HP: 2/110 [wyvern (15)]
 25248 | Lair:5   | Demolished by a catoblepas

Skill      XL: |  1  2  3  4  5  6  7  8  9 10 11 12 13 14 |
---------------+-------------------------------------------+-----
Fire Magic     | 4 5 6 8 9 10 12 13 | 13.3
Dodging        | 2 3 4 5 |  5.3
Spellcasting   | 2 3 4 5 7 9 10 | 10.4
Fighting       | 1 2 3 4 5 6 |  6.2
Axes           | 1 2 3 4 5 |  5.9
Conjurations   | 2 3 4 5 6 8 9 10 11 | 11.9
Stealth        | 2 3 |  3.9
Armour         | 2 3 4 |  4.9
Hexes          | 1 2 3 |  3.0
Staves         | 1 |  1.1
Translocations | 1 2 |  2.0
Poison Magic   | |  0.3
Evocations     | |  0.1

Action                   |  1- 3 |  4- 6 |  7- 9 | 10-12 | 13-15 || total
-------------------------+-------+-------+-------+-------+-------++-------
Melee: Unarmed           |     5 |       |       |       |       ||     5
       Hand axe          |     2 |    24 |   196 |       |       ||   222
       Staff             |       |       |       |    25 |     3 ||    28
       Broad axe         |       |       |       |    60 |    15 ||    75
 Cast: Flame Tongue      |    75 |   101 |   225 |   452 |   222 ||  1075
       Conjure Flame     |       |     4 |    11 |    30 |    15 ||    60
       Sticky Flame      |       |       |     8 |    68 |    99 ||   175
       Inner Flame       |       |       |     2 |    23 |       ||    25
       Throw Flame       |       |       |       |    47 |     8 ||    55
       Fireball          |       |       |       |    22 |    18 ||    40
       Blink             |       |       |       |     4 |    15 ||    19
       Olgreb's Toxic Ra |       |       |       |       |     2 ||     2
Evoke: Wand              |       |       |       |     1 |     9 ||    10
  Use: Scroll            |       |     3 |     3 |     7 |    16 ||    29
       Potion            |       |       |     3 |     6 |     3 ||    12
 Stab: Sleeping          |     1 |       |       |       |       ||     1
  Eat: Chunk             |     5 |     7 |    15 |    43 |    25 ||    95
       Ration            |       |       |     1 |     1 |     1 ||     3
Armor: Robe              |     7 |     3 |    28 |    40 |     5 ||    83
       Leather armour    |       |       |    20 |    17 |    21 ||    58
       Ring mail         |       |       |       |       |    24 ||    24
Dodge: Dodged            |    31 |    30 |   207 |   196 |   127 ||   591
